 Dungeon Crawl Stone Soup version 0.30.1-1-g62c8e00024 (webtiles) character file.

Game seed: 6366559592843083234

48925 LynnLen the Covert (level 14, 0/72 HPs)
             Began as a Spriggan Enchanter on July 14, 2023.
             Was the Champion of Dithmenos.
             Engulfed by a fire crab's flame (24 damage)
             ... in a Gauntlet on July 15, 2023.
             The game lasted 01:07:24 (21706 turns).

LynnLen the Covert (Spriggan Enchanter)            Turns: 21706, Time: 01:07:25

Health: 0/72       AC: 10    Str:  4    XL:     14   Next: 14%
Magic:  22/29      EV: 24    Int: 24    God:    Dithmenos [******]
Gold:   342        SH:  0    Dex: 19    Spells: 10/34 levels left

rFire   . . .        s - +1 dagger (speed)
rCold   . . .        (no shield)
rNeg    . . .        T - +0 troll leather armour
rPois   .            E - +1 hat
rElec   .            d - +0 cloak
rCorr   .            (gloves unavailable)
SInv    +            (boots unavailable)
Will    ++...        H - amulet of magic regeneration Stlth *+++++++++
                     i - +4 ring of protection
HPRegen 1.12/turn    e - +6 ring of intelligence
MPRegen 0.61/turn

%: no teleportation
@: wreathed by umbra, very quick
A: very small, no large weapons, unfitting armour, see invisible, speed 3
a: Renounce Religion, Shadow Step, Shadow Form


You were in a Gauntlet.
You worshipped Dithmenos.
Dithmenos was exalted by your worship.
You visited 3 branches of the dungeon, and saw 17 of its levels.
You also visited: Sewer and Gauntlet.

You collected 1118 gold pieces.
You spent 776 gold pieces at shops.

Inventory:

Hand Weapons
 a - a +1 dagger
 s - a +1 dagger of speed (weapon)
 S - a +6 double sword
Missiles
 o - 24 poisoned darts
 x - a throwing net
Armour
 d - a +0 cloak (worn)
 k - a +0 robe of positive energy
 y - a +2 robe of willpower
 A - +0 swamp dragon scales
 E - a +1 hat (worn)
 T - a +0 troll leather armour (worn)
Jewellery
 e - a +6 ring of intelligence (right hand)
 i - a +4 ring of protection (left hand)
 C - a +6 ring of strength
 G - a ring of magical power
 H - an amulet of magic regeneration (around neck)
Wands
 z - a wand of mindburst (9)
 D - a wand of flame (60)
 I - a wand of roots (18)
 J - a wand of acid (22)
 L - a wand of digging (3)
 M - a wand of polymorph (7)
 P - a wand of charming (5)
Scrolls
 g - 3 scrolls of magic mapping
 h - 4 scrolls of amnesia
 j - 2 scrolls of fog
 l - 5 scrolls of fear
 n - 11 scrolls of teleportation
 r - 4 scrolls of poison
 v - 3 scrolls of immolation
 B - 2 scrolls of torment
 K - a scroll of silence
 N - 2 scrolls of enchant weapon {unknown}
 O - 2 scrolls of vulnerability
 Q - 2 scrolls of enchant armour {unknown}
Potions
 b - 3 potions of berserk rage
 c - 2 potions of ambrosia {unknown}
 f - 5 potions of attraction
 m - 4 potions of might
 p - 5 potions of flight
 q - a potion of magic
 t - a potion of brilliance
 u - 2 potions of lignification
 w - 3 potions of haste
 F - 3 potions of mutation
 R - a potion of resistance


   Skills:
 + Level 7.1 Fighting
 - Level 10.0 Short Blades
 + Level 11.6 Dodging
 + Level 14.5 Stealth
 + Level 10.7 Spellcasting
 + Level 11.0 Hexes
 + Level 2.2 Summonings
 - Level 3.2 Ice Magic
 * Level 9.7 Invocations
 - Level 10.0 Evocations


You had 10 spell levels left.
You knew the following spells:

 Your Spells              Type           Power      Damage    Failure   Level
a - Ensorcelled Hibernat  Hex/Ice        94%        N/A       1%          2
b - Confusing Touch       Hex            60%        N/A       1%          3
c - Tukima's Dance        Hex            60%        N/A       1%          3
d - Call Imp              Summ           46%        N/A       5%          2
e - Enfeeble              Hex            30%        N/A       61%         7
f - Call Canine Familiar  Summ           23%        N/A       11%         3
g - Summon Small Mammal   Summ           92%        N/A       3%          1
h - Summon Guardian Gole  Hex/Summ       44%        N/A       1%          3

Your spell library contained the following spells:

 Spells                   Type           Power      Damage    Failure   Level
 Dazzling Flash           Conj/Hex       78%        N/A       2%          3
 Inner Flame              Hex/Fire       39%        N/A       2%          3
 Frozen Ramparts          Ice            56%        1d9       7%          3
 Apportation              Tloc           24%        N/A       9%          1
 Magic Dart               Conj           48%        1d5       9%          1
 Shock                    Conj/Air       48%        1d6       9%          1
 Cigotuvi's Dreadful Rot  Necr/Pois/Air  24%        N/A       13%         2
 Static Discharge         Conj/Air       24%        2-3/arc   13%         2
 Mephitic Cloud           Conj/Pois/Air  12%        N/A       26%         3
 Swiftness                Air            12%        N/A       26%         3
 Silence                  Hex/Air        19%        N/A       26%         5
 Yara's Violent Unravell  Hex/Tmut       19%        3d9       26%         5
 Summon Ice Beast         Ice/Summ       26%        N/A       28%         4
 Ice Form                 Ice/Tmut       20%        N/A       41%         4
 Summon Lightning Spire   Summ/Air       18%        N/A       50%         4
 Airstrike                Air            6%         2d(1-17)  65%         4
 Dispel Undead            Necr           12%        3d9       65%         4
 Flame Wave               Conj/Fire      12%        2d6       65%         4
 Manifold Assault         Tloc           12%        N/A       65%         4
 Sticky Flame             Conj/Fire      12%        2d4       65%         4
 Agony                    Necr           12%        N/A       94%         5
 Alistair's Intoxication  Tmut/Pois      8%         N/A       94%         5
 Death Channel            Necr           6%         N/A       100%        6
 Dispersal                Tloc           6%         N/A       100%        6
 Disjunction              Tloc           6%         N/A       100%        8


Dungeon Overview and Level Annotations

Branches:
Dungeon (11/15)            Temple (1/1) D:4            Lair (5/5) D:10
  Swamp (0/4) Lair:2        Snake (0/4) Lair:3        Slime (0/5) Lair:4
  Sewer (visited)         Gauntlet (1/1)
    Orc: D:9-12

Altars:
Ashenzari
Cheibriados
Dithmenos
Elyvilon
Fedhas
Gozag
Hepliaklqana
Kikubaaqudgha
Makhleb
Nemelex Xobeh
Okawaru
Qazlal
Ru
Sif Muna
Trog
Uskayaw
Vehumet
Wu Jian
Xom
Yredelemnul
Zin
The Shining One

Shops:
D:3 ?   D:5 :

Annotations:
D:6 1 runed translucent door, hawla's ghost, novice MeFE
Lair:2 2 transporters, GimliDwarf's ghost, journeyman GnWn
Lair:4 exclusion: 4 oklob plants Gauntlet 11 transporters


Innate Abilities, Weirdness & Mutations

You are very small and have problems with some larger weapons.
You are too small for most types of armour.
You have supernaturally acute eyesight. (SInv)
You cover ground extremely quickly. (Speed+++)


Message History

The fire bat attacks as you move away! The fire bat completely misses you.
The fire bat bites you but does no damage.
Aiming: Ensorcelled Hibernation (safe; 1% risk of failure)
Press: ? - help, Q - select action, (/) - cycle Shift-Dir - straight line, f - fire bat
Aim: a fire bat (umbra, chance to affect: 77%)
The fire bat looks drowsy...
Your shadow mimicks your spell!
The fire bat is unaffected.
The helpless fire bat fails to defend itself.
You spit the fire bat like a pig!!!!!
You kill the fire bat!
Dithmenos accepts your kill.
Aiming: Ensorcelled Hibernation (safe; 1% risk of failure)
Press: ? - help, Q - select action, (/) - cycle Shift-Dir - straight line, f - fire crab
Aim: a fire crab (umbra, chance to affect: 52%)
The fire crab resists with significant effort.
The fire crab bites you!
You are engulfed in flames!
The fire crab completely misses you.
Aiming: Ensorcelled Hibernation (safe; 1% risk of failure)
Press: ? - help, Q - select action, (/) - cycle Shift-Dir - straight line, f/p - fire crab
Aim: a fire crab (umbra, chance to affect: 52%)
The fire crab resists with significant effort.
The fire crab breathes flames at you.
The blast of flame engulfs you but does no damage.
Okay, then.
Aiming: Ensorcelled Hibernation (safe; 1% risk of failure)
Press: ? - help, Q - select action, (/) - cycle Shift-Dir - straight line, f/p - fire crab
Aim: a fire crab (flame, umbra, chance to affect: 52%)
The fire crab resists with significant effort.
You are engulfed in blazing flames.
You emit a cloud of dark smoke.
The fire crab closely misses you.
The fire crab claws you but does no damage.
Aiming: Ensorcelled Hibernation (safe; 1% risk of failure)
Press: ? - help, Q - select action, (/) - cycle Shift-Dir - straight line, f/p - fire crab
Aim: a fire crab (flame, umbra, chance to affect: 52%)
The fire crab looks drowsy...
Your shadow mimicks your spell!
The fire crab is unaffected.
You are engulfed in blazing flames.
You die...

## ### ### ### ### ##
##≈###≈###≈###≈###≈###≈
#≈≈≈#≈≈≈#≈≈≈#≈≈≈#≈≈≈#≈≈
#≈....................
##.#########...#######
##≈.#.#.....#.⌠.#3.555.
#≈≈.#°#.###.#...#..#.#.
##≈.#°###°..#####..#.#.
##©#°@t°°.©#©.©#..#©#.
##..#°###..[#.⌠.#..#.#.
##...#°#.###!#...#..#.#.
##≈.∩.#°#.....#.⌠.#.. ...
##≈≈...#########...#######
#≈≈≈.⌠.........#.⌠........
##≈≈...#########...#######
##≈.∩.#.##....#.⌠.#.. ...
##...#.J##..##...#..####


You could see a fire crab (asleep).

Vanquished Creatures
  2 catoblepae
  3 hydras
  An ogre mage (D:10)
  A boulder beetle (D:11)
  Urug (Lair:3)
  Sonja (Lair:2)
  Nergalle (Lair:3)
  Amaemon (D:9)
  A lindwurm (Lair:5)
  Pikel (D:4)
  A deep elf pyromancer (D:10)
  2 manticores (Lair:4)
  8 elephants
  10 black mambas
  An orange demon (D:9)
  Maggie (D:6)
  3 rime drakes
  13 cane toads
  9 komodo dragons
  A kobold demonologist (D:9)
  2 meliai (Lair:4)
  2 polar bears (Lair:5)
  A troll (D:11)
  A hornet (D:7)
  A queen bee (Lair:4)
  Grinder (D:6)
  7 blink frogs (Lair:4)
  5 dream sheep
  3 slime creatures (Lair:4)
  2 wraiths (D:11)
  3 wyverns (Lair:4)
  2 shadows
  70 yaks
  2 basilisks
  2 fire bats (Gauntlet)
  3 steam dragons
  4 nagas (Lair:3)
  Edmund (D:6)
  17 water moccasins
  Duvessa (D:7)
  3 orc warriors
  4 ice beasts
  2 black bears
  2 ogres (D:6)
  9 wolves
  A phantom (D:6)
  3 centaurs
  2 kobold brigands
  Blork the orc (D:4)
  10 bullfrogs
  2 scorpions
  A gnoll sergeant (D:5)
  7 wights
  Dowan (D:7)
  45 killer bees
  4 howler monkeys
  2 jellies
  3 orc priests
  Crazy Yiuf (D:4)
  5 iguanas
  2 sleepcaps
  Terence (D:2)
  4 orc wizards
  A sickly merfolk siren (Sewer)
  13 hell rats
  A malarious merfolk avatar (Sewer)
  5 river rats (Sewer)
  12 adders
  6 gnolls
  A shadow imp (D:5)
  A white imp (D:8)
  An ufetubus (D:5)
  A worm (D:2)
  2 dart slugs
  28 orcs
  6 endoplasms
  8 giant cockroaches
  8 goblins
  5 hobgoblins
  6 quokkas
  13 ball pythons
  5 bats
  4 frilled lizards
  12 kobolds
  22 rats
468 creatures vanquished.

Vanquished Creatures (collateral kills)
  Erolcha (D:9)
  Menkaure (D:6)
  2 orc warriors (D:9)
  A black bear (D:8)
  2 centaurs
  A kobold brigand (D:9)
  A gnoll sergeant (D:9)
  2 wights (D:5)
  A killer bee (D:9)
  An orc wizard (D:9)
  4 gnolls
  An orc (D:9)
  2 kobolds (D:9)
20 creatures vanquished.

Vanquished Creatures (others)
  8 dancing weapons
  A kobold (D:9)
9 creatures vanquished.

Grand Total: 497 creatures vanquished

Notes
Turn   | Place    | Note
-------+----------+-------------------------------------------
     0 | D:1      | LynnLen the Spriggan Enchanter began the quest for the Orb.
     0 | D:1      | Reached XP level 1. HP: 9/9 MP: 5/5
   210 | D:1      | Reached XP level 2. HP: 13/13 MP: 6/6
   219 | D:1      | Learned a level 2 spell: Ensorcelled Hibernation
   979 | D:2      | Reached XP level 3. HP: 16/17 MP: 5/8
  1091 | D:2      | Learned a level 3 spell: Confusing Touch
  1294 | D:2      | Reached skill level 1 in Evocations
  1486 | D:2      | Reached XP level 4. HP: 17/21 MP: 9/9
  1490 | D:2      | Learned a level 3 spell: Tukima's Dance
  1520 | D:2      | Noticed Terence
  1556 | D:2      | Killed Terence
  1557 | D:2      | Reached skill level 1 in Fighting
  1557 | D:2      | Reached skill level 1 in Invocations
  1957 | D:3      | Reached skill level 5 in Stealth
  2007 | D:3      | Reached skill level 1 in Ice Magic
  2028 | D:3      | Found an ancient bone altar of Kikubaaqudgha.
  2113 | D:3      | Reached XP level 5. HP: 8/25 MP: 5/10
  2611 | D:3      | Found Beac's Magic Scroll Shoppe.
  2619 | D:3      | Bought a scroll of identify for 24 gold pieces
  2619 | D:3      | Bought a scroll of identify for 24 gold pieces
  2686 | D:4      | Noticed an orc warrior
  2956 | D:4      | Killed an orc warrior
  2957 | D:4      | Reached XP level 6. HP: 17/30 MP: 2/12
  3075 | D:4      | Found a staircase to the Ecumenical Temple.
  3278 | D:4      | Noticed Blork the orc
  3288 | D:4      | Killed Blork the orc
  3436 | D:4      | Found a glowing drain.
  3469 | Sewer    | Entered a sewer
  3806 | Sewer    | Reached XP level 7. HP: 33/34 MP: 13/13
  3929 | Sewer    | Reached skill level 6 in Stealth
  4151 | D:4      | Found a runed translucent door.
  4152 | D:4      | Noticed Crazy Yiuf
  4222 | D:4      | Noticed Pikel
  4339 | Temple   | Entered the Ecumenical Temple
  4339 | Temple   | Noticed a soul eater
  4339 | Temple   | Noticed a sun demon
  4339 | Temple   | Noticed a green death
  4339 | Temple   | Noticed a Tzitzimitl
  4340 | Temple   | Noticed Zeblaf the pandemonium lord
  4340 | Temple   | Noticed Zeqil the pandemonium lord
  4342 | Temple   | Noticed a hell beast
  4384 | Temple   | Noticed Jemuq the pandemonium lord
  4386 | Temple   | Noticed an ice devil
  4414 | Temple   | Noticed a balrug
  4415 | Temple   | Noticed Womnuhal the pandemonium lord
  4425 | Temple   | Noticed Wimyrph the pandemonium lord
  4441 | Temple   | Noticed a green death
  4445 | Temple   | Became a worshipper of Dithmenos the Shadowed
  4447 | Temple   | Noticed a Hell Sentinel
  4448 | Temple   | Noticed Sonudghi the pandemonium lord
  4521 | D:4      | Killed Pikel
  4522 | D:4      | Reached skill level 5 in Hexes
  4522 | D:4      | Reached XP level 8. HP: 30/39 MP: 3/15
  4879 | D:4      | Killed Crazy Yiuf
  4922 | D:5      | Entered Level 5 of the Dungeon
  4929 | D:5      | Found Xuguzxor's Book Boutique.
  4964 | D:5      | Reached skill level 5 in Dodging
  6051 | D:5      | Reached skill level 7 in Stealth
  6379 | D:5      | Found an opulent altar of Gozag.
  6957 | D:5      | Reached * piety under Dithmenos
  7173 | D:6      | Found a runed translucent door.
  7173 | D:6      | Noticed hawla's ghost (novice MeFE)
  7173 | D:6      | Noticed Maggie
  7183 | D:6      | Killed Maggie
  7184 | D:6      | Reached skill level 5 in Spellcasting
  7215 | D:6      | Reached XP level 9. HP: 42/44 MP: 6/17
  7629 | D:6      | Noticed Menkaure
  7661 | D:6      | Reached skill level 5 in Evocations
  7664 | D:6      | Killed Menkaure
  7665 | D:6      | Reached skill level 8 in Stealth
  8098 | D:6      | Noticed Grinder
  8121 | D:6      | Killed Grinder
  8234 | D:6      | Noticed Edmund
  8238 | D:6      | Killed Edmund
  8666 | D:7      | Reached skill level 5 in Short Blades
  8674 | D:7      | Reached skill level 9 in Stealth
  8769 | D:7      | Reached ** piety under Dithmenos
  9128 | D:7      | Noticed Duvessa
  9128 | D:7      | Noticed Dowan
  9132 | D:7      | Killed Duvessa
  9133 | D:7      | Reached XP level 10. HP: 49/49 MP: 20/20
  9139 | D:7      | Killed Dowan
  9218 | D:7      | Found a sparkling altar of Nemelex Xobeh.
 10275 | D:7      | Reached skill level 10 in Stealth
 10369 | D:7      | Reached skill level 5 in Invocations
 10527 | D:9      | Noticed Erolcha
 10855 | D:9      | Killed Erolcha
 11154 | D:9      | Noticed Amaemon
 11187 | D:9      | Noticed an orange demon
 11209 | D:9      | Reached *** piety under Dithmenos
 11252 | D:9      | Killed an orange demon
 11392 | D:9      | Killed Amaemon
 11393 | D:9      | Reached XP level 11. HP: 27/54 MP: 17/22
 11571 | D:9      | Reached skill level 11 in Stealth
 12583 | D:9      | Identified the +0 pair of boots "Zuivugh" {rPois}
 12632 | D:10     | Entered Level 10 of the Dungeon
 12723 | D:9      | Reached **** piety under Dithmenos
 12936 | D:10     | Found a staircase to the Lair.
 13043 | D:10     | Noticed an ogre mage
 13044 | D:10     | Found a shimmering altar of Xom.
 13085 | D:10     | Noticed a deep elf pyromancer
 13100 | D:10     | Reached skill level 5 in Fighting
 13155 | D:10     | Found a sparkling altar of Nemelex Xobeh.
 13349 | D:10     | Killed a deep elf pyromancer
 13654 | D:10     | Found a hazy altar of Hepliaklqana.
 13751 | D:10     | Killed an ogre mage
 13820 | Lair:1   | Entered Level 1 of the Lair of Beasts
 13867 | Lair:1   | Learned a level 2 spell: Call Imp
 14006 | D:5      | Bought a book of Misfortune for 468 gold pieces
 14014 | D:5      | Learned a level 7 spell: Enfeeble
 14124 | Lair:1   | You fall into a shaft and drop 1 floor!
 14124 | Lair:2   | Noticed Sonja
 14128 | Lair:2   | Killed Sonja
 14519 | Lair:1   | Reached skill level 12 in Stealth
 14530 | Lair:1   | Identified the +9 spear of Youthful Indiscretion
                  | {antimagic, rCorr}
 14994 | D:5      | Bought a book of Callings for 260 gold pieces
 14998 | D:5      | Learned a level 3 spell: Call Canine Familiar
 15000 | D:5      | Learned a level 1 spell: Summon Small Mammal
 15191 | Lair:2   | Reached XP level 12. HP: 60/60 MP: 25/25
 15620 | Lair:2   | Noticed a four-headed hydra
 15633 | Lair:2   | Killed a four-headed hydra
 15662 | Lair:2   | Found a transporter.
 15665 | Lair:2   | Noticed GimliDwarf's ghost (journeyman GnWn)
 15677 | Lair:2   | Noticed a boulder beetle
 15681 | Lair:2   | Found a transporter.
 15694 | Lair:2   | Found a staircase to the Swamp.
 15845 | Lair:2   | Found a snail-covered altar of Cheibriados.
 16220 | Lair:3   | Noticed Nergalle
 16589 | Lair:3   | Killed Nergalle
 16591 | Lair:3   | Reached ***** piety under Dithmenos
 16727 | Lair:3   | Noticed Urug
 16734 | Lair:3   | Killed Urug
 16735 | Lair:3   | Reached skill level 10 in Dodging
 16910 | Lair:3   | Identified the +9 war axe of Feotuky {heavy, rPois Stlth+}
 16975 | Lair:3   | Noticed a catoblepas
 16986 | Lair:3   | Killed a catoblepas
 17013 | Lair:3   | Found a staircase to the Snake Pit.
 17023 | Lair:3   | Reached skill level 10 in Short Blades
 17093 | Lair:3   | Reached skill level 13 in Stealth
 17578 | Lair:4   | Reached XP level 13. HP: 65/65 MP: 21/27
 17826 | Lair:4   | Found a staircase to the Slime Pits.
 17980 | Lair:4   | Reached skill level 10 in Hexes
 18076 | Lair:4   | Reached skill level 10 in Evocations
 18510 | Lair:3   | HP: 1/65 [meliai/divine providence (8)]
 19206 | Lair:4   | Reached ****** piety under Dithmenos
 19224 | Lair:4   | Reached skill level 10 in Spellcasting
 19528 | Lair:5   | Entered Level 5 of the Lair of Beasts
 19717 | Lair:5   | Reached skill level 14 in Stealth
 19859 | Lair:5   | Reached skill level 1 in Summonings
 20579 | Lair:5   | Reached XP level 14. HP: 40/71 MP: 17/29
 21200 | Lair:4   | Learned a level 3 spell: Summon Guardian Golem
 21425 | D:11     | Found a gate leading to a gauntlet.
 21446 | Gauntlet | Entered a Gauntlet
 21446 | Gauntlet | Found a transporter.
 21446 | Gauntlet | Found a transporter.
 21449 | Gauntlet | Found a transporter.
 21450 | Gauntlet | Found a transporter.
 21453 | Gauntlet | Found a transporter.
 21453 | Gauntlet | Found a transporter.
 21490 | Gauntlet | Found a transporter.
 21491 | Gauntlet | Found a transporter.
 21500 | Gauntlet | Found a transporter.
 21516 | Gauntlet | Found a transporter.
 21531 | Gauntlet | Found a transporter.
 21535 | Gauntlet | Found a transporter.
 21706 | Gauntlet | Engulfed by a fire crab's flame

Illustrated notes

Levels and vault maps discovered:
D:1:      lightli_arrival_isolated_outpost, layout_loops_corners,
          serial_bayou_ford_a
D:2:      layout_basic, kennysheep_donut, uniq_terence
D:3:      layout_rooms, kiku_gazebo_garden_becter, serial_shops, shop
D:4:      layout_layer_cave, minmay_temple_entry_hall, gup_sewer_entry_pipe,
          st_stairs_13, uniq_crazy_yiuf_cottage, uniq_blork_the_orc, uniq_pikel
D:5:      layout_layer_cave, nicolae_gozag_cash_rules_everything_around_me,
          serial_shops, nicolae_shop_rolling_square, minivault_25,
          chequers_serial_rivers_micro_e
D:6:      layout_loops_ring, gammafunk_ghost_grave, grunt_ministairs_15,
          uniq_maggie, uniq_grinder, uniq_edmund, uniq_menkaure
D:7:      layout_basic, lemuel_round_altar, uniq_duvessa
D:8:      layout_cave_pools
D:9:      layout_cross, uniq_erolcha, uniq_amaemon
D:10:     layout_loops_cross, lemuel_doored_altar, hellmonk_lair_entry_icy,
          hangedman_feature_mirror
D:11:     layout_rooms, enter_trove_2, gauntlet_entry_generic
Temple:   nicolae_temple_panitentiary
Lair:1:   layout_regular_city, infiniplex_staircase_pool_2
Lair:2:   layout_cave_pods, swamp_mist, basic_altar, gammafunk_ghost_arena,
          uniq_sonja
Lair:3:   layout_chaotic_city, minmay_snake_entry_guardpost_large,
          beast_lair_carwin_5, uniq_nergalle, uniq_urug
Lair:4:   hangedman_what_comes_after_a, layout_long_grid,
          minmay_slime_entry_pillars, serial_forest, infiniplex_forest_end_3,
          infiniplex_forest_zigzag_1, infiniplex_forest_end_2,
          infiniplex_forest_3_way, infiniplex_forest_clump_double,
          infiniplex_forest_straight_2, infiniplex_forest_clump_diagonal,
          infiniplex_forest_pool, infiniplex_forest_straight_2,
          infiniplex_forest_clump_cross
Lair:5:   evilmike_catoblepas_cave, layout_big_grid
Gauntlet: minmay_gauntlet_77_indecision [minmay_gauntlet_arena_77_mirror,
          minmay_gauntlet_arena_77_fan, minmay_gauntlet_arena_77_chump_sandwich,
          minmay_gauntlet_arena_77_box, minmay_gauntlet_arena_77_mess,
          minmay_gauntlet_arena_77_terracotta_army,
          dreamdust_gauntlet_exit_labyrinth]

Skill      XL: |  1  2  3  4  5  6  7  8  9 10 11 12 13 14 |
---------------+-------------------------------------------+-----
Dodging        | 3 4 5 6 8 9 10 11 | 11.6
Spellcasting   | 3 4 5 6 7 8 9 10 | 10.7
Evocations     | 1 2 3 4 6 7 8 9 10 | 10.0
Fighting       | 1 2 3 4 5 6 7 |  7.1
Hexes          | 4 5 6 7 8 9 10 11 | 11.0
Invocations    | 1 2 3 4 5 6 7 9 |  9.7
Stealth        | 5 6 7 9 10 12 13 14 | 14.5
Short Blades   | 2 3 4 5 6 8 10 | 10.0
Ice Magic      | 1 2 3 |  3.2
Summonings     | 1 2 |  2.2

Action                     |  1- 3 |  4- 6 |  7- 9 | 10-12 | 13-15 || total
---------------------------+-------+-------+-------+-------+-------++-------
  Melee: Dagger            |    95 |   265 |   428 |   420 |   207 ||  1415
         Punch             |     2 |     6 |     7 |     6 |     3 ||    24
  Throw: Dart              |       |     5 |     6 |       |       ||    11
         Throwing net      |       |       |     1 |       |       ||     1
   Cast: Ensorcelled Hiber |    11 |    27 |    44 |   149 |   167 ||   398
         Confusing Touch   |       |     1 |    14 |    20 |     9 ||    44
         Tukima's Dance    |       |       |    27 |    10 |       ||    37
         Summon Small Mamm |       |       |       |       |     3 ||     3
         Call Imp          |       |       |       |       |     3 ||     3
         Call Canine Famil |       |       |       |       |     1 ||     1
    Use: Scroll            |     2 |     4 |     1 |    19 |     4 ||    30
         Potion            |       |       |     3 |     1 |     3 ||     7
   Stab: Sleeping          |    16 |    28 |    38 |   130 |   127 ||   339
         Invisible         |       |       |     2 |       |       ||     2
         Confused          |       |       |    12 |    27 |     9 ||    48
         Distracted        |       |       |       |     1 |       ||     1
 Armour: Robe              |    12 |    17 |    19 |    36 |    25 ||   109
         Troll leather arm |       |       |       |       |     4 ||     4
  Dodge: Dodged            |    60 |   203 |   260 |   373 |   243 ||  1139
